 Dungeon Crawl Stone Soup version 0.29-a0-845-g6161e89988 (webtiles) character file.

Game seed: 3229695224520935008

1243 zishaf the Trooper (level 8, -9/73 HPs)
             Began as a Ghoul Warper on July 15, 2022.
             Was an Initiate of Nemelex Xobeh.
             Mangled by an ogre
             ... wielding a +0 giant club
              (12 damage)
             ... on level 6 of the Dungeon.
             The game lasted 00:06:32 (5023 turns).

zishaf the Trooper (Ghoul Warper)                   Turns: 5023, Time: 00:06:32

Health: -9/73      AC:  9    Str: 17    XL:     8   Next: 50%
Magic:  11/11      EV: 13    Int:  8    God:    Nemelex Xobeh [......]
Gold:   226        SH:  0    Dex:  8    Spells: 10/10 levels left

rFire   . . .      SeeInvis .     - Unarmed
rCold   + . .      Faith    .   (no shield)
rNeg    + + +      Spirit   .   n - +0 scale mail
rPois   ∞          Reflect  .   i - +2 helmet
rElec   .          Harm     .   (no cloak)
rCorr   +          Rampage  .   (no gloves)
Will    .....                   (no boots)
Stlth   ..........              f - amulet of regeneration
HPRegen 0.00/turn               o - +4 ring of evasion
MPRegen 0.12/turn               h - ring of resist corrosion

@: inhibited regen
A: claws 1, cold resistance 1, negative energy resistance 3, inhibited
regeneration, torment resistance 2, devour on kill
a: Renounce Religion, Draw Escape, Draw Destruction, Draw Summoning


You were on level 6 of the Dungeon.
You worshipped Nemelex Xobeh.
Nemelex Xobeh was noncommittal.
You visited 1 branch of the dungeon, and saw 6 of its levels.

You collected 226 gold pieces.

Inventory:

Missiles
 c - 4 boomerangs of dispersal (quivered)
Armour
 a - a +0 leather armour
 i - a +2 helmet (worn)
 l - a +0 ring mail
 n - a +0 scale mail (worn)
Jewellery
 f - an amulet of regeneration (around neck)
 h - a ring of resist corrosion (right claw)
 j - a ring of wizardry
 o - a +4 ring of evasion (left claw)
Wands
 m - a wand of charming (6)
Scrolls
 b - 2 scrolls of blinking
 k - a scroll of silence
Potions
 d - 2 potions of mutation {unknown}
 e - a potion of might
 g - 2 potions of haste {unknown}
 p - a potion of heal wounds
 q - a potion of ambrosia {unknown}


   Skills:
 + Level 7.1 Fighting
 - Level 4.1 Throwing
 - Level 0.8 Armour
 - Level 1.7 Dodging
 - Level 4.0 Unarmed Combat
 - Level 1.7 Spellcasting
 - Level 2.6 Translocations
 * Level 5.7 Invocations


You had 10 spell levels left.
You didn't know any spells.
Your spell library contained the following spells:

 Spells                   Type           Power      Damage    Failure   Level
 Blink                    Tloc           10%        N/A       54%         2
 Freeze                   Ice            0%         1d3       78%         1
 Gell's Gravitas          Tloc           5%         N/A       78%         3
 Lesser Beckoning         Tloc           5%         N/A       78%         3
 Teleport Other           Tloc           5%         N/A       78%         3
 Portal Projectile        Hex/Tloc       4%         N/A       92%         3
 Frozen Ramparts          Ice            0%         1d2       98%         3
 Tukima's Dance           Hex            0%         N/A       98%         3
 Passage of Golubria      Tloc           5%         N/A       99%         4
 Hailstorm                Conj/Ice       0%         3d3       100%        4
 Manifold Assault         Tloc           5%         N/A       100%        5
 Yara's Violent Unravell  Hex/Tmut       0%         3d3       100%        5
 Blade Hands              Tmut           Unusable   N/A       N/A         5

Dungeon Overview and Level Annotations

Branches:
Dungeon (6/15)
 Temple: D:4-7

Altars:
Dithmenos
Nemelex Xobeh


Innate Abilities, Weirdness & Mutations

You are immune to poison.
You have sharp fingernails.
Your flesh is cold resistant. (rC+)
You are immune to negative energy. (rN+++)
You do not regenerate when monsters are visible.
You are immune to unholy pain and torment.
You thrive by killing the living.


Message History

The adder is almost dead.
The adder misses you.
You barely miss the adder.
The adder is almost dead.
The adder bites you but does no damage. x2
You scratch the adder but do no damage.
The adder is almost dead.
The adder bites you.
You scratch the adder.
You kill the adder!
You scratch the ogre.
The ogre is lightly wounded.
The ogre hits you with a +0 giant club!
You scratch the ogre but do no damage.
The ogre is lightly wounded.
You scratch the ogre.
The ogre is moderately wounded.
The ogre hits you with a +0 giant club!!
* * * LOW HITPOINT WARNING * * *
You claw the ogre!
The ogre is heavily wounded.
You scratch the ogre.
The ogre is severely wounded.
The ogre closely misses you.
You scratch the ogre but do no damage.
The ogre is heavily wounded.
The ogre misses you.
You scratch the ogre but do no damage.
The ogre is heavily wounded.
You barely miss the ogre. You claw the ogre.
The ogre is severely wounded.
The ogre hits you with a +0 giant club!
* * * LOW HITPOINT WARNING * * *
You barely miss the ogre.
The ogre is heavily wounded.
You scratch the ogre.
The ogre is severely wounded.
The ogre hits you with a +0 giant club!
You die...
Your body disappears without a glow.

## ######### #. ........#
###.###########.#######.#.#
................@O≈........
..#....########.##..###.#.
###.## #.###.## #)# #.#
#..# #.# #.# ##.## #.# #.#
#..######. #.#### #.#
##.#...... #....# #.# #†Y.#
####.# ##..#


You could see an ogre.

Vanquished Creatures
  Grinder (D:3)
  An ice beast (D:5)
  3 black bears
  A sky beast (D:6)
  A bullfrog (D:5)
  A gnoll sergeant (D:5)
  3 scorpions
  A howler monkey (D:6)
  A jelly (D:4)
  An iguana (D:5)
  Robin (D:2)
  3 gnolls (D:5)
  7 adders
  An ufetubus (D:5)
  A worm (D:2)
  9 orcs
  8 ball pythons
  4 endoplasms
  7 giant cockroaches
  11 goblins
  10 hobgoblins
  2 jackals (D:4)
  8 kobolds
  3 quokkas
  8 bats
  A frilled lizard (D:1)
  3 rats
101 creatures vanquished.

Vanquished Creatures (collateral kills)
  A gnoll (D:5)
1 creature vanquished.

Grand Total: 102 creatures vanquished

Notes
Turn   | Place    | Note
-------+----------+-------------------------------------------
     0 | D:1      | zishaf the Ghoul Warper began the quest for the Orb.
     0 | D:1      | Reached XP level 1. HP: 17/17 MP: 2/2
    73 | D:1      | Found a faded altar of an unknown god.
    75 | D:1      | Reached skill level 1 in Throwing
    91 | D:1      | Reached XP level 2. HP: 24/25 MP: 3/3
   503 | D:1      | Reached XP level 3. HP: 30/30 MP: 4/4
   912 | D:2      | Reached skill level 3 in Fighting
  1181 | D:2      | Reached XP level 4. HP: 25/38 MP: 5/5
  1561 | D:2      | Noticed Robin
  1578 | D:2      | Killed Robin
  2146 | D:3      | Noticed Grinder
  2153 | D:3      | Paralysed by Grinder for 4 turns
  2167 | D:3      | Paralysed by Grinder for 3 turns
  2204 | D:3      | Killed Grinder
  2205 | D:3      | Reached skill level 4 in Fighting
  2205 | D:3      | Reached XP level 5. HP: 7/47 MP: 6/6
  2205 | D:3      | Reached XP level 6. HP: 8/55 MP: 7/7
  3154 | D:4      | Reached skill level 5 in Fighting
  3158 | D:4      | Found a shadowy altar of Dithmenos.
  3311 | D:4      | Noticed a black bear
  3321 | D:4      | Killed a black bear
  3322 | D:4      | Reached XP level 7. HP: 58/62 MP: 8/8
  3419 | D:4      | Found a sparkling altar of Nemelex Xobeh.
  3423 | D:4      | Became a worshipper of Nemelex Xobeh the Trickster
  3521 | D:4      | Reached skill level 1 in Invocations
  3711 | D:5      | Entered Level 5 of the Dungeon
  3751 | D:5      | Reached skill level 6 in Fighting
  4176 | D:5      | Reached XP level 8. HP: 44/71 MP: 8/10
  4979 | D:6      | Reached skill level 5 in Invocations
  5008 | D:6      | Reached skill level 7 in Fighting
  5021 | D:6      | HP: 3/73 [ogre/+0 giant club (7)]
  5023 | D:6      | Mangled by an ogre

Illustrated notes

Levels and vault maps discovered:
D:1:      evilmike_arrival_rings, layout_loops_ring,
          hellmonk_ecumenical_altar_blasted, grunt_decor_arrowhead
D:2:      layout_loops_ring, uniq_robin
D:3:      layout_basic, zin_statuary, hex_tiny, uniq_grinder
D:4:      layout_loops_cross, nemelex_diamond_rough_becter,
          nicolae_dithmenos_shadow_blocks
D:5:      layout_loops_ring, tso_metal_star, lightli_minifort
D:6:      layout_basic, serial_shops, nicolae_stop_n_shop_2, minivault_22,
          minmay_ruined_shrine

Skill      XL: |  1  2  3  4  5  6  7  8 |
---------------+-------------------------+-----
Throwing       | 1 2 3 4 |  4.1
Fighting       | 3 4 5 6 7 |  7.1
Unarmed Combat | 3 4 |  4.0
Invocations    | 4 5 |  5.7
Armour         | |  0.8
Dodging        | |  1.7
Spellcasting   | |  1.7
Translocations | |  2.6

Action                   |  1- 3 |  4- 6 |  7- 9 || total
-------------------------+-------+-------+-------++-------
Melee: Unarmed           |   130 |   161 |   186 ||   477
       Punch             |     2 |     7 |     5 ||    14
Throw: Boomerang         |       |     3 |       ||     3
Evoke: Wand              |       |       |     2 ||     2
  Use: Potion            |       |     4 |       ||     4
       Scroll            |       |     6 |     3 ||     9
Armor: Leather armour    |    39 |       |       ||    39
       Ring mail         |       |    39 |    27 ||    66
       Scale mail        |       |       |    24 ||    24
Dodge: Dodged            |    74 |    99 |   112 ||   285

Table legend: (Time is in decaauts)
 A = Elapsed time spent in this place.
 B = Non-inter-level travel time spent in this place.
 C = Inter-level travel time spent in this place.
 D = Time resting spent in this place.
 E = Time spent auto-exploring this place.
 F = Levels seen in this place.
 G = Mean time per level.
                   A        B        C        D        E       F      G
               +--------+--------+--------+--------+--------+-----+--------+
         Total |   4988 |   4801 |    187 |     52 |   3819 |   6 |  831.3 |
       Dungeon |   4988 |   4801 |    187 |     52 |   3819 |   6 |  831.3 |
               +--------+--------+--------+--------+--------+-----+--------+

Top non-repeatable levels by time:
     D:2: 1106 daAuts
     D:5: 1070 daAuts
     D:3: 1069 daAuts
     D:1: 867 daAuts
     D:4: 695 daAuts
     D:6: 179 daAuts
